 Dungeon Sprint DCSS version 0.24-a0-170-gd8427f5 (webtiles) character file.

Game seed: 9380167337565661179

58 Dfrag the Skirmisher (level 3, -1/42 HPs)
             Began as a Troll Berserker on Mar 10, 2019.
             Was a Believer of Trog.
             Splashed by an oklob sapling priest's acid (11 damage)
             ... in the Dungeon (Sprint IV: "Fedhas' Mad Dash").
             The game lasted 00:00:27 (166 turns).

Dfrag the Skirmisher (Troll Berserker)               Turns: 166, Time: 00:00:27

Health: -1/42      AC:  2    Str: 25    XL:     3   Next: 75%
Magic:  2/2        EV: 10    Int:  3    God:    Trog [**....]
Gold:   42         SH:  0    Dex: 10    Spells: 2/2 levels left

rFire    . . .     SeeInvis .     - Unarmed
rCold    . . .     Gourm    +   (no shield)
rNeg     . . .     Faith    .   a - +0 animal skin
rPois    .         Spirit   .   (helmet restricted)
rElec    .         Reflect  .   (no cloak)
rCorr    .         Harm     .   (gloves unavailable)
MR       .....     NoTele   +   (boots unavailable)
Stlth    +.........             i - amulet of invisibility {+Inv}
HPRegen  0.54/turn              (no ring)
MPRegen  0.08/turn              (no ring)

@: corroded
A: large, unfitting armour, claws 3, fast metabolism 3, gourmand, regeneration
1, shaggy fur 1, tough skin 3
a: Berserk, Trog's Hand, Renounce Religion, Evoke Invisibility


You were in the Dungeon.
You worshipped Trog.
Trog was pleased with you.
You were not hungry.

You visited 1 branch You collected 42 gold pieces.

Inventory:

Armour
 a - a +0 animal skin (worn)
Jewellery
 i - the amulet of invisibility (around neck) {+Inv}
   (You found it in the Dungeon)

   [amulet of nothing]

   It lets you turn invisible.
Scrolls
 h - a scroll of blinking
Potions
 c - a potion of curing
 d - a potion of heal wounds
 e - a potion of haste
 f - 2 potions of magic
 g - a potion of berserk rage
 j - a potion of brilliance {unknown}
Comestibles
 b - 3 rations


   Skills:
 * Level 5.5 Fighting
 - Level 2.4 Dodging
 + Level 5.3 Unarmed Combat


You had 2 spell levels left.
You didn't know any spells.
Your spell library was empty.

Dungeon Overview and Level Annotations

Branches:
Dungeon (1/1)

Altars:
Cheibriados
Dithmenos
Elyvilon
Gozag
Hepliaklqana
Kikubaaqudgha
Makhleb
Nemelex Xobeh
Okawaru
Qazlal
Ru
Sif Muna
Trog
Uskayaw
Vehumet
Wu Jian
Xom
Yredelemnul
Zin
The Shining One
Beogh
Jiyva
Lugonu

Annotations:
D exclusion: oklob sapling


Innate Abilities, Weirdness & Mutations

You are too large for most types of armour.
You have claws for hands.
Your metabolism is lightning-fast.
You like to eat raw meat.
Your natural rate of healing is unusually fast.
You are covered in fur. (AC +1)
You have extremely tough skin. (AC +3)


Message History

Okay, then.
You open the door.
Found ten altars.
Marking area around the oklob sapling priest as unsafe for travelling.
An oklob sapling priest comes into view.
Found three altars.
There is an open door here.
The oklob sapling priest spits acid at you.
The splash of acid hits you! The acid corrodes you!
You are splashed with acid!
Found three altars.
Found two altars.
Found three altars.
There is an opulent altar of Gozag here.
The oklob sapling priest begins to cast a cantrip, but forgets the words!
Found a corrupted altar of Lugonu and a radiant altar of Vehumet.
The oklob sapling priest spits acid at you.
The splash of acid hits you!
* * * LOW HITPOINT WARNING * * *
You are splashed with acid!
You die...

########################
.†...#.....#.⌠._._._._.⌠
.....'.#)..'.._.@._._._.
.....#.#...#..._._P_._..
#########+##.._._._._._.
#._._._._._.⌠
#############


You could see an oklob sapling priest.

Vanquished Creatures
  An oklob sapling (D)
  A worker ant (D)
  A river rat (D)
  A rat (D)
4 creatures vanquished.

Notes
Turn   | Place    | Note
-------+----------+-------------------------------------------
     0 | D        | Dfrag the Troll Berserker began the quest for the Orb.
     0 | D        | Reached XP level 1. HP: 22/22 MP: 0/0
     7 | D        | Reached XP level 2. HP: 26/32 MP: 1/1
    19 | D        | Noticed an oklob sapling
    23 | D        | Killed an oklob sapling
    23 | D        | Reached ** piety under Trog
    23 | D        | Reached XP level 3. HP: 41/41 MP: 2/2
    27 | D        | Found the amulet of invisibility {+Inv}
    33 | D        | Reached skill level 5 in Fighting
    33 | D        | Reached skill level 5 in Unarmed Combat
   160 | D        | Found an opulent altar of Gozag.
   160 | D        | Found a hazy altar of Hepliaklqana.
   160 | D        | Found a burning altar of Makhleb.
   160 | D        | Found a roughly hewn altar of Beogh.
   160 | D        | Found a sparkling altar of Nemelex Xobeh.
   160 | D        | Found a snail-covered altar of Cheibriados.
   160 | D        | Found a sacrificial altar of Ru.
   160 | D        | Found a deep blue altar of Sif Muna.
   160 | D        | Found a shimmering altar of Xom.
   160 | D        | Found a basalt altar of Yredelemnul.
   161 | D        | Found a viscous altar of Jiyva.
   161 | D        | Found a bloodstained altar of Trog.
   161 | D        | Found an ornate altar of the Wu Jian Council.
   161 | D        | Noticed an oklob sapling priest
   162 | D        | Found an iron altar of Okawaru.
   162 | D        | Found a shadowy altar of Dithmenos.
   162 | D        | Found a glowing silver altar of Zin.
   163 | D        | Found an ancient bone altar of Kikubaaqudgha.
   163 | D        | Found a hide-covered altar of Uskayaw.
   164 | D        | Found a stormy altar of Qazlal.
   164 | D        | Found a white marble altar of Elyvilon.
   164 | D        | Found a glowing golden altar of the Shining One.
   165 | D        | Found a corrupted altar of Lugonu.
   165 | D        | Found a radiant altar of Vehumet.
   166 | D        | Splashed by an oklob sapling priest's acid

Levels and vault maps discovered:
D:        dungeon_sprint_fedhas [sprint_temple]

Skill      XL: |  1  2  3 |
---------------+----------+-----
Fighting       | 3 4 5 |  5.5
Unarmed Combat | 4 5 |  5.3
Dodging        | |  2.4

Action                   || total
-------------------------++-------
Melee: Unarmed           ||    12
Armor: Animal skin       ||     7
Dodge: Dodged            ||     3

Table legend:
 A = Non-vault XP
 B = Vault XP
 C = Vault XP percentage of total XP
 D = Non-vault monster count
 E = Vault monster count
 F = Vault count percentage of total count
                 A         B        C        D         E       F
            +---------+---------+-------+---------+---------+-------
      Total |       0 |      83 | 100.0 |       0 |       4 | 100.0
            +---------+---------+-------+---------+---------+-------
          D |       0 |      83 | 100.0 |       0 |       4 | 100.0
            +---------+---------+-------+---------+---------+-------
